 Dungeon Crawl Stone Soup version 0.27-a0-577-ge2a43ba0c9 (webtiles) character file.

Game seed: 8735259058503307006

10349 littlecub the Geomancer (level 11, -6/66 HPs)
             Began as a Gargoyle Earth Elementalist on Mar 9, 2021.
             Was a High Priest of Vehumet.
             Mangled by Snorg (17 damage)
             ... on level 10 of the Dungeon.
             The game lasted 00:30:36 (14097 turns).

littlecub the Geomancer (GrEE)                     Turns: 14097, Time: 00:30:37

Health: -6/66      AC: 19    Str: 11    XL:     11   Next: 60%
Magic:  3/19       EV: 12    Int: 20    God:    Vehumet [*****.]
Gold:   689        SH:  5    Dex: 10    Spells: 4/21 levels left

rFire    + . .     SeeInvis .   E - +4 long sword
rCold    . . .     Faith    .   c - +0 buckler
rNeg     + + .     Spirit   .   N - +0 acid dragon scales
rPois    ∞         Reflect  .   k - +0 helmet
rElec    +         Harm     .   h - +0 cloak
rCorr    +         Rampage  .   (no gloves)
Will     .....                  o - +0 pair of boots
Stlth    +.........             P - amulet of regeneration
HPRegen  1.21/turn              g - ring of positive energy
MPRegen  0.16/turn              G - ring of protection from fire

@: no status effects
A: negative energy resistance 1, electricity resistance, torment resistance 1,
unbreathing 1, petrification resistance, AC +8
a: Renounce Religion


You were on level 10 of the Dungeon.
You worshipped Vehumet.
Vehumet was extremely pleased with you.
You visited 2 branches of the dungeon, and saw 11 of its levels.
You also visited: Ossuary and Bailey.

You collected 689 gold pieces.

Inventory:

Hand Weapons
 E - a +4 long sword (weapon)
Missiles
 b - 75 stones
 B - 5 poisoned darts
Armour
 c - a +0 buckler (worn)
 h - a +0 cloak (worn)
 i - a +2 tower shield of protection
 k - a +0 helmet (worn)
 o - a +0 pair of boots (worn)
 C - +0 fire dragon scales
 N - +0 acid dragon scales (worn)
Magical Staves
 w - a staff of conjuration
Jewellery
 g - a ring of positive energy (left hand)
 q - a ring of ice
 G - a ring of protection from fire (right hand)
 P - an amulet of regeneration (around neck)
 S - a +4 ring of protection
Wands
 u - a wand of charming (10)
 v - a wand of random effects (8)
 A - a wand of iceblast (5)
 F - a wand of acid (7)
 H - a wand of flame (29)
 M - a wand of digging (4)
 R - a wand of polymorph (4)
 T - a wand of paralysis (8)
Scrolls
 j - 2 scrolls of enchant weapon
 l - 3 scrolls of enchant armour
 m - 9 scrolls of teleportation
 r - 4 scrolls of fear
 y - a scroll of vulnerability
 K - a scroll of blinking
 L - 2 scrolls of amnesia
 O - a scroll of immolation
 Q - a scroll of brand weapon
Potions
 a - 6 potions of curing
 d - 2 potions of haste {unknown}
 e - a potion of mutation {unknown}
 f - 6 potions of lignification {unknown}
 n - 4 potions of heal wounds {unknown}
 p - a potion of resistance
 s - 2 potions of magic {unknown}
 t - 4 potions of flight {unknown}
 x - 3 potions of ambrosia {unknown}
 z - a potion of berserk rage {unknown}
 D - 3 potions of brilliance {unknown}
 I - 2 potions of cancellation {unknown}
 J - a potion of attraction {unknown}


   Skills:
 + Level 6.4 Fighting
 + Level 6.6 Armour
 + Level 5.3 Dodging
 - Level 2.1 Stealth
 + Level 5.1 Shields
 + Level 5.9 Spellcasting
 + Level 6.4 Conjurations
 + Level 2.9 Translocations
 + Level 4.1 Transmutations
 * Level 11.0 Earth Magic


You had 4 spell levels left.
You knew the following spells:

 Your Spells              Type           Power      Damage    Failure   Level
a - Sandblast             Erth           100%       2d20      1%          1
b - Stone Arrow           Conj/Erth      80%        3d12      1%          3
c - Lee's Rapid Deconstr  Erth           25%        3d15*     1%          5
d - Petrify               Tmut/Erth      36%        N/A       7%          4
q - Blink                 Tloc           N/A        N/A       7%          2
w - Passwall              Tmut/Erth      30%        N/A       1%          2

Your spell library contained the following spells:

 Spells                   Type           Power      Damage    Failure   Level
 Fulminant Prism          Conj/Hex       9%         3d7       11%         4
 Magic Dart               Conj           100%       1d8       1%          1
 Conjure Flame            Conj/Fire      18%        6-21      3%          3
 Mephitic Cloud           Conj/Pois/Air  14%        N/A       5%          3
 Call Imp                 Summ           5%         N/A       24%         2
 Slow                     Hex            5%         N/A       24%         2


Dungeon Overview and Level Annotations

Branches:
Dungeon (10/15)            Temple (1/1) D:4            Lair (0/6) D:9
    Orc (0/2) D:9         Ossuary (visited)          Bailey (visited)

Altars:
Ashenzari
Cheibriados
Dithmenos
Elyvilon
Gozag
Hepliaklqana
Kikubaaqudgha
Makhleb
Okawaru
Ru
Sif Muna
Trog
Uskayaw
Vehumet
The Shining One

Annotations:
D:3 2 transporters, pigah's ghost, amateur OpWn
D:9 3 runed translucent doors, Crimsoncloak's ghost, journeyman OpFE
D:10 Snorg


Innate Abilities, Weirdness & Mutations

Your stone body is resilient. (AC +8)
You are immune to poison.
You resist negative energy. (rN+)
You are resistant to electric shocks. (rElec)
You are resistant to unholy torment.
You can survive without breathing.
You are immune to petrification.


Message History

Aiming: Corrosive Bolt
Press: ? - help, Shift-Dir - straight line, f/p - Snorg
Aim: Snorg (severely wounded, berserk, covered in acid, 29% to evade)
The bolt of acid hits Snorg!
Snorg is splashed with acid!
Snorg seems to be corroded for longer.
Snorg is severely wounded.
Snorg bites you!! You block Snorg's attack. Snorg claws you!
* * * LOW HITPOINT WARNING * * *
Snorg barely misses you. Snorg closely misses you.
Snorg claws you but does no damage.
You feel better. Snorg barely misses you. You block Snorg's attack.
Snorg claws you.
Aiming: Iceblast
Press: ? - help, Shift-Dir - straight line, p - Snorg
Okay, then.
Aiming: Corrosive Bolt
Press: ? - help, Shift-Dir - straight line, f/p - Snorg
Aim: Snorg (severely wounded, berserk, covered in acid, 29% to evade)
The bolt of acid hits Snorg!
Snorg is splashed with acid.
Snorg seems to be corroded for longer.
Snorg is almost dead.
Snorg bites you.
* * * LOW HITPOINT WARNING * * *
Snorg misses you. Snorg claws you but does no damage.
Snorg bites you but does no damage. Snorg claws you.
* * * LOW HITPOINT WARNING * * *
Snorg claws you.
* * * LOW HITPOINT WARNING * * *
Snorg rages.
Snorg closely misses you. x2; Snorg claws you!
* * * LOW HITPOINT WARNING * * *
Found a glowing emerald potion.
You feel better. Snorg bites you but does no damage.
Snorg claws you but does no damage. Snorg claws you.
* * * LOW HITPOINT WARNING * * *
You feel better. Snorg bites you. Snorg claws you but does no damage.
Snorg claws you!
* * * LOW HITPOINT WARNING * * *
Snorg bites you!
You die...

.......##.#.#.#..#
......##.#.#†###.#
#####.#.#†#.#.##.# #
.......#.#†#!#.#.# .#
......###.#.#.##)###.#
.......#.# #!##......#
.......## #.#......###
........
####...T.......
........
.......@.......
........
...............
........
########.......
#....... ###....
....... .... .......
!.# ....... .# #######


You could see Snorg (berserk, corroded).

Vanquished Creatures
  A two-headed ogre (D:9)
  An orc knight (Bailey)
  Maggie (D:7)
  A queen bee (D:10)
  A redback (shapeshifter) (D:9)
  Sigmund (D:3)
  11 yaks
  4 wyverns (D:9)
  A soldier ant (D:10)
  5 water moccasins
  10 orc warriors
  A sky beast (D:8)
  3 ice beasts
  A black bear (D:6)
  2 necrophages (D:9)
  6 ogres
  3 centaurs
  A kobold brigand (D:10)
  An elf zombie (Ossuary)
  2 bullfrogs
  A wyvern zombie (D:7)
  A wyvern skeleton (D:9)
  3 scorpions
  14 killer bees (D:10)
  12 wights
  5 howler monkeys
  A bullfrog zombie (D:9)
  A quasit (D:5)
  A centaur zombie (D:4)
  3 hounds
  2 jellies
  A centaur skeleton (D:4)
  5 orc priests
  6 worker ants
  Natasha (thrice) (D:2)
  3 iguanas
  10 orc wizards
  A killer bee zombie (D:7)
  2 hound zombies
  A hound skeleton (D:5)
  4 mummies (Ossuary)
  A worker ant zombie (D:9)
  4 gnolls (D:5)
  9 adders
  A howler monkey skeleton (D:3)
  3 white imps
  An ufetubus (D:8)
  2 oozes (D:1)
  An adder zombie (D:6)
  An adder skeleton (D:2)
  A worm (D:4)
  A dart slug (D:3)
  8 leopard geckos
  56 orcs
  4 giant cockroaches
  A gnoll zombie (Ossuary)
  5 hobgoblins
  9 jackals
  4 quokkas
  4 ball pythons
  10 bats
  6 frilled lizards
  6 goblins
  2 goblin zombies (Ossuary)
  2 hobgoblin zombies (Ossuary)
  A jackal zombie (Ossuary)
  9 kobolds
  4 kobold zombies (Ossuary)
  2 quokka zombies (D:6)
  7 rats
302 creatures vanquished.

Vanquished Creatures (collateral kills)
  3 killer bees (D:10)
3 creatures vanquished.

Vanquished Creatures (others)
  3 bushes (D:9)
  3 fungi (D:9)
  25 plants (D:9)
31 creatures vanquished.

Grand Total: 336 creatures vanquished

Notes
Turn   | Place    | Note
-------+----------+-------------------------------------------
     0 | D:1      | littlecub the Gargoyle Earth Elementalist began the quest
                  | for the Orb.
     0 | D:1      | Reached XP level 1. HP: 10/10 MP: 3/3
   341 | D:1      | Reached XP level 2. HP: 11/16 MP: 5/5
   536 | D:1      | Reached skill level 4 in Earth Magic
   763 | D:1      | Reached XP level 3. HP: 13/20 MP: 6/6
   767 | D:1      | Learned a level 3 spell: Stone Arrow
  1003 | D:2      | Reached skill level 1 in Fighting
  1059 | D:2      | Noticed Natasha
  1067 | D:2      | Killed Natasha
  1068 | D:2      | Reached skill level 1 in Armour
  1068 | D:2      | Reached XP level 4. HP: 25/25 MP: 4/7
  1632 | D:2      | Noticed Natasha
  1639 | D:2      | Killed Natasha
  1640 | D:2      | Reached skill level 1 in Conjurations
  1939 | D:2      | Noticed Natasha
  1943 | D:2      | Killed Natasha
  1944 | D:2      | Reached XP level 5. HP: 23/30 MP: 5/8
  2034 | D:3      | Found a transporter.
  2042 | D:3      | Noticed a small abomination
  2221 | D:3      | Noticed pigah's ghost (amateur OpWn)
  2369 | D:3      | Found a transporter.
  2450 | D:3      | Reached skill level 5 in Earth Magic
  2836 | D:3      | Noticed Sigmund
  2861 | D:3      | Killed Sigmund
  2862 | D:3      | Reached XP level 6. HP: 17/36 MP: 5/10
  3338 | D:4      | Reached XP level 7. HP: 30/40 MP: 6/11
  3367 | D:4      | Reached skill level 6 in Earth Magic
  3798 | D:4      | Found a staircase to the Ecumenical Temple.
  3807 | Temple   | Entered the Ecumenical Temple
  3841 | Temple   | Became a worshipper of Vehumet
  5119 | D:5      | Entered Level 5 of the Dungeon
  5133 | D:5      | Reached XP level 8. HP: 46/46 MP: 7/13
  5252 | D:5      | Reached skill level 7 in Earth Magic
  5361 | D:5      | Reached skill level 1 in Shields
  5801 | D:5      | Reached * piety under Vehumet
  5801 | D:5      | Offered knowledge of Magic Dart by Vehumet.
  5808 | D:5      | Learned a level 5 spell: Lee's Rapid Deconstruction
  5813 | D:5      | Learned a level 4 spell: Petrify
  6171 | D:5      | Reached skill level 1 in Transmutations
  6782 | D:6      | Reached skill level 8 in Earth Magic
  6782 | D:6      | Reached XP level 9. HP: 45/52 MP: 4/15
  7447 | D:6      | Reached ** piety under Vehumet
  7448 | D:6      | Offered knowledge of Shock by Vehumet.
  7890 | D:7      | Found a sand-covered staircase.
  7899 | Ossuary  | Entered an ossuary
  8373 | D:7      | Found a white marble altar of Elyvilon.
  8411 | D:7      | Found an iron altar of Okawaru.
  8532 | D:7      | Noticed Maggie
  8540 | D:7      | Killed Maggie
  8540 | D:7      | Offered knowledge of Inner Flame by Vehumet.
  9393 | D:8      | Learned a level 2 spell: Passwall
  9593 | D:8      | Found a broken altar of Ashenzari.
  9928 | D:8      | Reached skill level 9 in Earth Magic
  9952 | D:8      | Reached skill level 5 in Armour
 10066 | D:8      | Reached *** piety under Vehumet
 10067 | D:8      | Reached skill level 5 in Fighting
 10067 | D:8      | Reached skill level 5 in Conjurations
 10067 | D:8      | Reached XP level 10. HP: 33/59 MP: 7/17
 10229 | D:8      | Reached skill level 5 in Spellcasting
 10340 | D:8      | Learned a level 2 spell: Blink
 10542 | D:9      | Found a flagged portal.
 10586 | Bailey   | Entered a bailey
 10665 | Bailey   | Offered knowledge of Static Discharge by Vehumet.
 10781 | Bailey   | Noticed an orc knight
 10972 | Bailey   | Killed an orc knight
 10973 | Bailey   | Reached skill level 1 in Translocations
 11339 | D:9      | Reached skill level 10 in Earth Magic
 11688 | D:9      | Reached **** piety under Vehumet
 11848 | D:9      | Offered knowledge of Fulminant Prism by Vehumet.
 11869 | D:9      | Found a staircase to the Orcish Mines.
 12011 | D:9      | Reached XP level 11. HP: 64/64 MP: 10/19
 12016 | D:9      | Found a runed translucent gate.
 12016 | D:9      | Found a runed translucent gate.
 12016 | D:9      | Found a runed translucent gate.
 12016 | D:9      | Found a staircase to the Lair.
 12016 | D:9      | Noticed Crimsoncloak's ghost (journeyman OpFE)
 12058 | D:9      | Reached skill level 5 in Dodging
 12281 | D:9      | Found a broken altar of Ashenzari.
 12378 | D:9      | Noticed a two-headed ogre
 12423 | D:9      | Killed a two-headed ogre
 13350 | D:10     | Entered Level 10 of the Dungeon
 13431 | D:10     | Reached skill level 5 in Shields
 13530 | D:10     | Noticed Snorg
 13894 | D:10     | Reached skill level 11 in Earth Magic
 14051 | D:10     | Reached ***** piety under Vehumet
 14097 | D:10     | Mangled by Snorg

Illustrated notes

Levels and vault maps discovered:
D:1:      lemuel_arrival_funnel, layout_basic
D:2:      layout_basic, uniq_natasha
D:3:      layout_loops_corners, gammafunk_ghost_abyssal_escape, uniq_sigmund
D:4:      layout_layer_cave, minmay_temple_entry_glass, grunt_ministairs_12
D:5:      layout_basic, minivault_24
D:6:      layout_loops_ring, kennysheep_generic_room_16
D:7:      layout_loops_cross, enter_ossuary_1, basic_altar,
          okawaru_altar_gauntlet_db, uniq_maggie
D:8:      layout_basic, basic_altar
D:9:      nzn_winding_woodlands_small
          [nzn_winding_woodlands_5x15_pathside_ponds,
          nzn_winding_woodlands_center_triple_pond,
          nzn_winding_woodlands_5x15_eye], layout_basic,
          cheibrodos_ashenzari_chains, minmay_lair_entry_grove, orc_0_dummy,
          enter_bailey_5, gammafunk_ghost_spectres, kennysheep_generic_room_12
D:10:     layout_irregular_city, minivault_7, uniq_snorg
Temple:   compressed_dpeg_triangle_lava_temple

Skill      XL: |  1  2  3  4  5  6  7  8  9 10 11 |
---------------+----------------------------------+-----
Earth Magic    | 4 5 6 8 9 10 11 | 11.0
Fighting       | 1 2 3 4 5 6 |  6.4
Armour         | 1 2 3 4 5 6 |  6.6
Dodging        | 2 3 4 5 |  5.3
Conjurations   | 1 2 3 5 6 |  6.4
Spellcasting   | 3 4 5 |  5.9
Shields        | 2 3 4 5 |  5.1
Transmutations | 1 2 3 4 |  4.1
Translocations | 1 2 |  2.9
Stealth        | |  2.1

Action                   |  1- 3 |  4- 6 |  7- 9 | 10-12 || total
-------------------------+-------+-------+-------+-------++-------
Melee: Unarmed           |    20 |       |       |       ||    20
       Spear             |    68 |   121 |    72 |       ||   261
       Long sword        |       |       |    96 |   101 ||   197
 Cast: Sandblast         |     2 |    23 |   143 |    63 ||   231
       Stone Arrow       |       |       |    59 |   118 ||   177
       Lee's Rapid Decon |       |       |       |    10 ||    10
       Petrify           |       |       |       |    12 ||    12
Evoke: Wand              |       |       |       |    12 ||    12
  Use: Scroll            |       |     4 |       |     9 ||    13
       Potion            |       |       |       |     3 ||     3
 Stab: Sleeping          |     8 |     6 |     3 |       ||    17
       Distracted        |       |     1 |       |       ||     1
       Petrified         |       |       |       |    11 ||    11
Armor: Robe              |    23 |    54 |    12 |       ||    89
       Leather armour    |       |       |   120 |       ||   120
       Acid dragon scale |       |       |    23 |   124 ||   147
Dodge: Dodged            |    40 |    93 |   211 |   104 ||   448
Block: Buckler           |       |       |    45 |    49 ||    94
       Rpst.: Long sword |       |       |    42 |    27 ||    69

Table legend: (Time is in decaauts)
 A = Elapsed time spent in this place.
 B = Non-inter-level travel time spent in this place.
 C = Inter-level travel time spent in this place.
 D = Time resting spent in this place.
 E = Time spent auto-exploring this place.
 F = Levels seen in this place.
 G = Mean time per level.
                   A        B        C        D        E       F      G
               +--------+--------+--------+--------+--------+-----+--------+
         Total |  14228 |  13798 |    430 |   1552 |   9913 |  13 | 1094.5 |
       Dungeon |  13069 |  12661 |    408 |   1397 |   9215 |  10 | 1306.9 |
        Temple |     49 |     27 |     22 |      0 |     26 |   1 |   49.0 |
       Ossuary |    402 |    402 |      0 |      0 |    338 |   1 |  402.0 |
        Bailey |    707 |    707 |      0 |    155 |    334 |   1 |  707.0 |
               +--------+--------+--------+--------+--------+-----+--------+

Top non-repeatable levels by time:
     D:9: 2269 daAuts
     D:4: 1911 daAuts
     D:6: 1379 daAuts
     D:3: 1344 daAuts
     D:8: 1275 daAuts
     D:5: 1211 daAuts
     D:2: 1043 daAuts
     D:7: 1006 daAuts
     D:1: 996 daAuts
  Bailey: 707 daAuts
    D:10: 630 daAuts
 Ossuary: 402 daAuts
  Temple: 49 daAuts
